 Dungeon Crawl Stone Soup version 0.18.1-2-ga659475 (webtiles) character file.

18684 dobroeutro the Cleaver (level 12, 0/111 HPs)
             Began as a Minotaur Fighter on May 8, 2016.
             Was an Elder of the Shining One.
             Slain by a skeletal warrior
             ... wielding a +0 dire flail
             ... led by a skeletal warrior
              (15 damage)
             ... on level 12 of the Dungeon.
             The game lasted 00:24:48 (10552 turns).

dobroeutro the Cleaver (Minotaur Fighter)          Turns: 10552, Time: 00:24:49

Health: 0/111      AC: 22    Str: 24    XL:     12   Next: 29%
Magic:  11/11      EV:  5    Int:  7    God:    the Shining One [****..]
Gold:   804        SH: 13    Dex: 12    Spells: 0 memorised, 11 levels left

rFire  . . .     SeeInvis .     a - +4 war axe
rCold  + . .     Gourm    .     g - +4 plate armour
rNeg   + + .     Faith    .     c - +0 shield
rPois  .         Spirit   .     (helmet unavailable)
rElec  .         Dismiss  .     E - +0 cloak
rCorr  .         Reflect  .     C - +0 pair of gloves
SustAt .         Harm     .     h - +1 pair of boots {run}
MR     +....                    K - amulet of regeneration
Stlth  ..........               l - ring of protection from cold
                                x - ring of protection from magic

@: lethally poisoned (0 -> 0), slowed, glowing, very slow, somewhat resistant to
hostile enchantments, extremely unstealthy
A: retaliatory headbutt, horns 3, icy blue scales 2, thin skeletal structure 1,
blink, blurry vision 1, clever 1, clumsy 1, deformed body, screaming 1,
MP-powered wands
a: Blink, Divine Shield, Cleansing Flame, Renounce Religion


You were on level 12 of the Dungeon.
You worshipped the Shining One.
The Shining One was greatly pleased with you.
You were not hungry.

You visited 2 branches of the dungeon, and saw 14 of its levels.
You also visited: Sewer.

You collected 804 gold pieces.

Inventory:

Hand Weapons
 a - a +4 war axe (weapon)
Armour
 b - a +0 scale mail
 c - a +0 shield (worn)
 g - a +4 plate armour (worn)
 h - a +1 pair of boots of running (worn)
 C - a +0 pair of gloves (worn)
 E - a +0 cloak (worn)
 L - a +0 chain mail
Jewellery
 l - a ring of protection from cold (right hand)
 x - a ring of protection from magic (left hand)
 y - an uncursed ring of protection from fire
 I - an uncursed ring of ice
 J - a +2 ring of protection
 K - an amulet of regeneration (around neck)
 U - a +5 amulet of reflection {unknown}
Wands
 z - a wand of slowing (47/48)
 G - a wand of disintegration (16/24)
 P - a wand of slowing (25/48)
 R - a wand of paralysis (4/24)
Scrolls
 j - 5 scrolls of remove curse
 m - 5 scrolls of teleportation
 q - 4 scrolls of identify
 r - 2 scrolls of recharging
 t - 6 scrolls of amnesia
 u - a scroll of enchant weapon
 B - 2 scrolls of blinking
 D - 4 scrolls of fear
Potions
 d - 2 potions of might
 e - 2 potions of haste
 i - 2 potions of resistance
 k - 3 potions of flight
 n - a potion of berserk rage
 p - 5 potions of heal wounds
 s - 5 potions of agility
 v - 9 potions of curing
 A - 3 potions of brilliance
 M - a potion of cure mutation {unknown}
 N - a potion of cancellation {unknown}
 Q - a potion of invisibility {unknown}
 S - 3 potions of degeneration {unknown}
 V - a potion of lignification {unknown}
Comestibles
 f - 4 bread rations
 o - 11 meat rations
 w - 4 beef jerkies
 F - 7 fruits
 H - 5 chunks of flesh
 O - 2 slices of pizza
 T - 9 royal jellies


   Skills:
 + Level 11.6 Fighting
 + Level 14.7 Axes
 + Level 11.5 Armour
 + Level 11.4 Shields


You had 11 spell levels left.
You didn't know any spells.

Dungeon Overview and Level Annotations

Branches:
Dungeon (13/15)            Temple (1/1) D:4            Lair (0/8) D:8
    Orc (0/2) D:10
 Vaults: D:13-14

Altars:
Ashenzari
Cheibriados
Dithmenos
Elyvilon
Fedhas
Gozag
Kikubaaqudgha
Makhleb
Nemelex Xobeh
Okawaru
Pakellas
Qazlal
Ru
Sif Muna
Trog
Vehumet
Xom
Yredelemnul
Zin
The Shining One

Shops:
D:8 %   D:12 (   D:13 [

Annotations:
D:11 CcS's ghost, journeyman MiBe
D:12 exclusion: ice statue
D:13 Sonja


Innate Abilities, Weirdness & Mutations

You reflexively headbutt those who attack you in melee.
You have a pair of large horns on your head.
You are mostly covered in icy blue scales (AC +3, EV -1).
You have a somewhat thin skeletal structure (Dex +2, Stealth).
You can translocate small distances at will.
Scrolls take you a little longer to read.
Your mind is acute. (Int +2)
You are clumsy. (Dex -2)
Armour fits poorly on your strangely shaped body.
You occasionally shout uncontrollably at your foes.
You expend magic power (3 MP) to strengthen your wands.


Message History

The skeletal warrior hits you with a dire flail.
* * * LOW HITPOINT WARNING * * *
The skeletal warrior hits you with a dire flail!!
The Shining One protects you from harm!
Drink which item? (? for menu, Esc to quit)
You feel much better.
You feel sick.
The skeletal warrior completely misses you.
You furiously retaliate!
You headbutt the skeletal warrior, but do no damage.
The skeletal warrior barely misses you.
You block the skeletal warrior's attack.
The skeletal warrior hits you with a dire flail.
* * * LOW HITPOINT WARNING * * *
The skeletal warrior hits you but does no damage.
You feel sick.
The skeletal warrior hits you with a dire flail!
* * * LOW HITPOINT WARNING * * *
You feel sick.
The skeletal warrior hits you with a dire flail!
You die...

'........# #.....................
#........###.........###########.
#....................#.........#.
...........##'##.....#.........#.
#..........#...#.....#.........#.
#..........#...#.....'.........#.
#..........#...+.....#....)....#.
#..........#####.z...#.....>)..#.
#...............@zz..###########.
####.............................
...#.....##)####.................
...#.....#.))<(#.................
...#.....#..)..#.................
...#.....#.....#....########.....
##'#.....#.....#....#∩.....#.....
.........#....##....#......#.....
.........#....#.....'......#.....


You could see 3 skeletal warriors.

Vanquished Creatures
  Snorg (D:12)
  Fannar (D:11)
  Erolcha (D:11)
  Harold (D:11)
  A skeletal warrior (D:13)
  5 hill giants
  Pikel (D:5)
  A manticore (D:12)
  A gargoyle (D:11)
  Psyche (D:8)
  A kobold demonologist (D:12)
  3 trolls
  Grinder (D:3)
  A shadow (D:11)
  12 yaks (D:12)
  2 vampire mosquitoes (D:12)
  A hippogriff (D:10)
  A hungry ghost (D:10)
  A warg (D:10)
  A mottled dragon (D:12)
  3 soldier ants
  A water moccasin (D:12)
  7 sky beasts
  6 ice beasts
  A black bear (D:8)
  14 orc warriors
  A slave (D:5)
  An eye of draining (D:12)
  A wasp (D:11)
  9 ogres
  A phantom (D:11)
  5 centaurs
  A necrophage (D:13)
  A crocodile (D:13)
  2 big kobolds (Sewer)
  4 giant frogs
  3 scorpions
  7 wights
  3 killer bees (D:13)
  A howler monkey (D:4)
  3 crimson imps
  2 quasits
  2 giant frog zombies
  A wasp zombie (D:12)
  8 orc wizards
  A centaur zombie (D:8)
  5 hounds
  10 orc priests
  Crazy Yiuf (D:7)
  3 jellies
  2 centaur skeletons
  4 iguanas
  Terence (D:3)
  8 worker ants
  A killer bee zombie (D:9)
  A hound skeleton (D:5)
  2 worker ant zombies
  7 gnolls
  16 adders
  9 river rats
  3 oozes
  An adder skeleton (D:5)
  An adder zombie (D:7)
  3 worms
  A dart slug (D:5)
  7 giant geckos
  53 orcs
  7 bats
  7 giant cockroaches
  17 hobgoblins
  8 jackals
  22 kobolds
  9 quokkas
  6 ball pythons
  A giant gecko skeleton (D:5)
  11 giant newts
  2 gnoll zombies (D:3)
  11 goblins
  A jackal zombie (D:7)
  26 rats
  2 fungi (D:8)
  A plant (D:3)
397 creatures vanquished.

Vanquished Creatures (others)
  A plant (D:3)
1 creature vanquished.

Grand Total: 398 creatures vanquished

Notes
Turn   | Place    | Note
--------------------------------------------------------------
     0 | D:1      | dobroeutro the Minotaur Fighter began the quest for the Orb.
     0 | D:1      | Reached XP level 1. HP: 19/19 MP: 0/0
   149 | D:1      | Reached skill level 3 in Axes
   164 | D:1      | Reached XP level 2. HP: 25/26 MP: 1/1
   505 | D:2      | You fall through a shaft for 2 floors!
   509 | D:4      | Reached skill level 4 in Axes
   509 | D:4      | Reached XP level 3. HP: 25/31 MP: 2/2
   529 | D:4      | Found a glowing drain.
   567 | D:4      | Reached skill level 5 in Axes
   567 | D:4      | Reached XP level 4. HP: 16/39 MP: 3/3
   650 | Sewer    | Entered a sewer
   804 | Sewer    | Reached skill level 6 in Axes
   932 | Sewer    | Reached XP level 5. HP: 39/45 MP: 4/4
   969 | Sewer    | Reached skill level 7 in Axes
  1302 | Sewer    | Reached XP level 6. HP: 51/51 MP: 5/5
  1326 | Sewer    | Reached skill level 8 in Axes
  1697 | D:3      | Noticed Terence
  1705 | D:3      | Killed Terence
  1781 | D:3      | Noticed Grinder
  1798 | D:3      | Killed Grinder
  1798 | D:3      | Reached skill level 9 in Axes
  1798 | D:3      | Reached XP level 7. HP: 18/57 MP: 6/6
  2210 | D:2      | Found an oddly glowing altar of Pakellas.
  2356 | D:2      | Found a blossoming altar of Fedhas.
  2356 | D:2      | Found a white marble altar of Elyvilon.
  2725 | D:3      | Found a basalt altar of Yredelemnul.
  2837 | D:3      | Reached skill level 10 in Axes
  3009 | D:3      | Found a shimmering altar of Xom.
  3339 | D:3      | Found a bloodstained altar of Trog.
  3420 | D:4      | Found a staircase to the Ecumenical Temple.
  3447 | Temple   | Entered the Ecumenical Temple
  3537 | Temple   | Became a worshipper of the Shining One
  3774 | D:5      | Entered Level 5 of the Dungeon
  3803 | D:5      | Reached XP level 8. HP: 59/66 MP: 7/7
  3845 | D:5      | Gained mutation: You occasionally shout uncontrollably at your foes. [mutagenic meat]
  3846 | D:5      | Gained mutation: You have a somewhat thin skeletal structure (Dex +2, Stealth). [mutagenic meat]
  3847 | D:5      | Gained mutation: Your muscles are strong. (Str +2) [mutagenic meat]
  3848 | D:5      | Gained mutation: You are partially covered in icy blue scales (AC +1). [mutagenic meat]
  3850 | D:5      | Gained mutation: Your mind is acute. (Int +2) [mutagenic meat]
  3851 | D:5      | Gained mutation: You have sharp toenails. [mutagenic meat]
  4122 | D:5      | Reached skill level 11 in Axes
  4338 | D:5      | Noticed Pikel
  4338 | D:5      | Reached * piety under the Shining One
  4345 | D:5      | Reached skill level 5 in Armour
  4353 | D:5      | Killed Pikel
  4353 | D:5      | Reached skill level 5 in Fighting
  4353 | D:5      | Reached skill level 5 in Shields
  4452 | D:5      | Gained mutation: Scrolls take you a little longer to read. [mutagenic meat]
  4453 | D:5      | Lost mutation: You have sharp toenails. [mutagenic meat]
  4454 | D:5      | Gained mutation: Your system is resistant to poisons. [mutagenic meat]
  4628 | D:6      | Reached XP level 9. HP: 75/75 MP: 8/8
  5320 | D:7      | Found an iron altar of Okawaru.
  5597 | D:7      | Noticed Crazy Yiuf
  5602 | D:7      | Killed Crazy Yiuf
  5602 | D:7      | Reached skill level 12 in Axes
  5681 | D:7      | Gained mutation: You have a pair of large horns on your head. [mutagenic meat]
  5715 | D:7      | Gained mutation: You are clumsy. (Dex -2) [mutagenic meat]
  5716 | D:7      | Gained mutation: You are mostly covered in icy blue scales (AC +3, EV -1). [mutagenic meat]
  5717 | D:7      | Gained mutation: You are very clumsy. (Dex -4) [mutagenic meat]
  5967 | D:8      | Found Uruery's Food Shoppe.
  6000 | D:8      | Noticed Psyche
  6118 | D:8      | Killed Psyche
  6121 | D:8      | Reached XP level 10. HP: 87/88 MP: 9/9
  6250 | D:8      | Found a staircase to the Lair.
  6271 | D:8      | Reached ** piety under the Shining One
  7047 | D:9      | Identified a +1 pair of boots of running (You found it on level 9 of the Dungeon)
  7632 | D:10     | Entered Level 10 of the Dungeon
  7649 | D:10     | Gained mutation: You expend magic power (3 MP) to strengthen your wands. [mutagenic meat]
  7651 | D:10     | Lost mutation: Your system is resistant to poisons. [mutagenic meat]
  7652 | D:10     | Gained mutation: Armour fits poorly on your strangely shaped body. [mutagenic meat]
  7653 | D:10     | Gained mutation: You can translocate small distances at will. [mutagenic meat]
  7654 | D:10     | Lost mutation: Your muscles are strong. (Str +2) [mutagenic meat]
  7766 | D:10     | Noticed a hill giant
  7776 | D:10     | Killed a hill giant
  7973 | D:10     | Found a staircase to the Orcish Mines.
  7986 | D:10     | Reached skill level 13 in Axes
  8300 | D:11     | Reached *** piety under the Shining One
  8419 | D:11     | Noticed Fannar
  8466 | D:11     | Killed Fannar
  8466 | D:11     | Reached XP level 11. HP: 74/97 MP: 10/10
  8569 | D:11     | Lost mutation: You are very clumsy. (Dex -4) [mutagenic meat]
  8941 | D:11     | Noticed Harold
  8954 | D:11     | Killed Harold
  8954 | D:11     | Reached skill level 10 in Fighting
  8954 | D:11     | Reached skill level 10 in Armour
  9068 | D:11     | Reached skill level 10 in Shields
  9098 | D:11     | Noticed Erolcha
  9106 | D:11     | Killed Erolcha
  9306 | D:11     | Noticed CcS's ghost (journeyman MiBe)
  9490 | D:12     | Noticed a hill giant
  9504 | D:12     | Killed a hill giant
  9575 | D:12     | Reached skill level 14 in Axes
  9627 | D:12     | Reached **** piety under the Shining One
  9677 | D:12     | Found Baock's Weapon Shop.
 10030 | D:12     | Noticed a hill giant
 10039 | D:12     | Killed a hill giant
 10060 | D:12     | Noticed Snorg
 10094 | D:12     | Killed Snorg
 10094 | D:12     | Reached XP level 12. HP: 44/110 MP: 11/11
 10411 | D:13     | Found Ezeacim's Armour Emporium.
 10418 | D:13     | Noticed a centaur warrior
 10534 | D:13     | Noticed Sonja
 10548 | D:12     | The Shining One protects you from harm!
 10552 | D:12     | Slain by a skeletal warrior

Skill      XL: |  1  2  3  4  5  6  7  8  9 10 11 |
---------------+----------------------------------+-----
Axes           | 3 4 5 6 7 9 10 11 12 13 14 | 14.7
Armour         | 4 5 7 9 11 | 11.5
Fighting       | 5 7 9 11 | 11.6
Shields        | 5 8 9 11 | 11.4

Action                   |  1- 3 |  4- 6 |  7- 9 | 10-12 || total
-------------------------+-------+-------+-------+-------++-------
Melee: War axe           |    58 |   173 |   353 |   474 ||  1058
       Headbutt          |     8 |    39 |    58 |    89 ||   194
       Kick              |       |       |    22 |       ||    22
  Use: Scroll            |       |       |       |    21 ||    21
       Potion            |       |       |       |     4 ||     4
  Eat: Chunk             |       |     3 |    29 |    22 ||    54
       Bread ration      |       |       |     1 |     1 ||     2
       Beef jerky        |       |       |       |     1 ||     1
Armor: Scale mail        |    25 |    51 |    89 |       ||   165
       Chain mail        |       |       |    26 |    19 ||    45
       Plate armour      |       |       |       |   178 ||   178
       Ring mail         |       |       |       |     1 ||     1
Dodge: Dodged            |    20 |    43 |    69 |    77 ||   209
Block: Shield            |    23 |    71 |   175 |   229 ||   498
